 Dungeon Crawl Stone Soup version 0.24.0-123-gd5b16e6ec5 (webtiles) character file.

Game seed: 9376812579482977741, levelgen mode: deterministic

263 Descartes the Magician (level 5, 0/28 HPs)
             Began as a Deep Elf Wizard on Feb 2, 2020.
             Slain by a flying skull (1 damage)
             ... created by the anger of Yredelemnul
             ... on level 3 of the Dungeon.
             The game lasted 00:09:00 (3889 turns).

Descartes the Magician (Deep Elf Wizard)            Turns: 3889, Time: 00:09:00

Health: 0/28       AC:  2    Str:  4    XL:     5   Next: 97%
Magic:  10/15      EV: 13    Int: 24    God:
Gold:   157        SH:  0    Dex: 13    Spells: 7/16 levels left

rFire    . . .     SeeInvis +   r - +0 falchion
rCold    . . .     Gourm    .   (no shield)
rNeg     . . .     Faith    .   a - +0 robe
rPois    .         Spirit   .   b - +0 hat
rElec    .         Reflect  .   (no cloak)
rCorr    .         Harm     .   (no gloves)
MR       .....                  (no boots)
Stlth    +++.......             (no amulet)
HPRegen  0.09/turn              k - ring of stealth
MPRegen  0.14/turn              o - ring of see invisible

@: no status effects
A: no striking features
a: no special abilities


You were on level 3 of the Dungeon.
You were not hungry.

You visited 1 branch of the dungeon, and saw 3 of its levels.

You collected 157 gold pieces.

Inventory:

Hand Weapons
 p - a +0 rapier
 r - a +0 falchion (weapon)
 t - a +0 hunting sling
Missiles
 f - 27 sling bullets
 g - 10 bolts
 i - 12 stones (quivered)
 j - 2 javelins
 l - 39 arrows
 v - 5 boomerangs
 y - 18 poisoned darts
Armour
 a - a +0 robe (worn)
 b - a +0 hat (worn)
 u - a +0 leather armour
Jewellery
 k - a ring of stealth (left hand)
 o - a ring of see invisible (right hand)
 w - a +2 ring of dexterity
Wands
 A - a wand of iceblast (7)
Scrolls
 h - a scroll of random uselessness {unknown}
 m - a scroll of fog {unknown}
 q - a scroll of identify {unknown}
 s - 2 scrolls of enchant weapon {unknown}
Potions
 c - 2 potions of heal wounds {unknown}
 e - a potion of lignification {unknown}
 x - a potion of curing {unknown}
 z - a potion of flight {unknown}
Comestibles
 d - 6 rations


   Skills:
 - Level 3.0 Dodging
 + Level 3.8 Stealth
 * Level 6.2 Spellcasting
 * Level 3.5 Conjurations
   Level 1.1 Summonings
 - Level 2.0 Translocations
 + Level 1.2 Fire Magic
 + Level 1.1 Evocations


You had 7 spell levels left.
You knew the following spells:

 Your Spells              Type           Power        Failure   Level  Hunger
a - Magic Dart            Conj           ###.         1%          1    None
b - Blink                 Tloc           N/A          4%          2    None
c - Conjure Flame         Conj/Fire      ###.....     9%          3    #......
d - Mephitic Cloud        Conj/Pois/Air  ##......     14%         3    #......

Your spell library contained the following spells:

 Spells                   Type           Power        Failure   Level  Hunger
 Call Imp                 Summ           ##......     8%          2    None
 Slow                     Hex            #.......     12%         2    None


Dungeon Overview and Level Annotations

Branches:
Dungeon (3/15)

Altars:
Ashenzari
Yredelemnul


Message History

The flying skull is lightly damaged.
The flying skull completely misses you.
Casting: Magic Dart (safe; 1% risk of failure)
Confirm with . or Enter, or press ? or * to list all spells.
Aiming: Magic Dart (safe; 1% risk of failure)
Press: ? - help, Shift-Dir - straight line, f/p - flying skull
Aim: a flying skull (lightly damaged, durably summoned)
The magic dart hits the flying skull.
The flying skull is moderately damaged.
The flying skull misses you. The flying skull hits you!
* * * LOW HITPOINT WARNING * * *
Casting: Magic Dart (safe; 1% risk of failure)
Confirm with . or Enter, or press ? or * to list all spells.
Aiming: Magic Dart (safe; 1% risk of failure)
Press: ? - help, Shift-Dir - straight line, f/p - flying skull
Aim: a flying skull (moderately damaged, durably summoned)
The magic dart hits the flying skull but does no damage.
The flying skull is moderately damaged.
The flying skull hits you.
You die...

....# ##.......#......##..#
....#####.....######......#
##.##...##...## #.รท###.#
#.##.#.###+########..# #.#
#.##.#.###........#..###.#
#....#......#####.#......#
#.#######.....# #.##.#####
#....#......#W###.##.#
#.##.#.#.....zz@.....#
#....#.##...#####.####
####..Y###..# #.# #####
#..# #.# #.... ..# # #.####
### # #.# # #.# #.


You could see a wraith and 2 flying skulls.

Vanquished Creatures
  An ice beast (D:3)
  An orc priest (D:3)
  A worker ant (D:3)
  A mummy (D:2)
  3 adders
  2 oozes
  5 dart slugs (D:1)
  2 leopard geckos
  4 orcs
  4 giant cockroaches
  2 goblins
  7 hobgoblins
  4 jackals
  10 kobolds
  A quokka (D:2)
  7 bats
  5 frilled lizards
  10 rats
70 creatures vanquished.

Notes
Turn   | Place    | Note
-------+----------+-------------------------------------------
     0 | D:1      | Descartes the Deep Elf Wizard began the quest for the Orb.
     0 | D:1      | Reached XP level 1. HP: 10/10 MP: 7/7
   281 | D:1      | Reached XP level 2. HP: 15/15 MP: 6/9
  1213 | D:2      | Reached XP level 3. HP: 19/19 MP: 9/11
  1330 | D:2      | Reached skill level 5 in Spellcasting
  1433 | D:2      | Found a faded altar of an unknown god.
  1814 | D:2      | Reached XP level 4. HP: 24/24 MP: 8/13
  2217 | D:2      | Learned a level 2 spell: Blink
  2221 | D:2      | Learned a level 3 spell: Conjure Flame
  2225 | D:2      | Learned a level 3 spell: Mephitic Cloud
  2314 | D:2      | Became a worshipper of Yredelemnul the Dark
  2314 | D:2      | Reached * piety under Yredelemnul
  2315 | D:2      | Fell from the grace of Yredelemnul
  2723 | D:3      | Noticed an ice beast
  3215 | D:3      | Reached XP level 5. HP: 27/28 MP: 5/15
  3682 | D:3      | Found a shattered altar of Ashenzari.
  3781 | D:3      | Killed an ice beast
  3781 | D:3      | Reached skill level 6 in Spellcasting
  3781 | D:3      | Reached skill level 1 in Fire Magic
  3781 | D:3      | Reached skill level 1 in Evocations
  3881 | D:3      | Noticed a wraith
  3881 | D:3      | Noticed a flying skull
  3881 | D:3      | Noticed a flying skull
  3888 | D:3      | HP: 1/28 [flying skull[the anger of Yredelemnul] (13)]
  3889 | D:3      | Slain by a flying skull

Levels and vault maps discovered:
D:1:      lemuel_arrival_muddy, layout_rooms
D:2:      minmay_angry_zag, layout_loops_ring, chequers_ecumenical_altar_island
D:3:      layout_loops_corners, nicolae_ashenzari_panopticon, uniq_natasha,
          uniq_robin

Skill      XL: |  1  2  3  4  5 |
---------------+----------------+-----
Conjurations   | 2 3 |  3.5
Stealth        | 3 |  3.8
Spellcasting   | 5 6 |  6.2
Dodging        | 3 |  3.0
Translocations | 2 |  2.0
Fire Magic     | 1 |  1.2
Evocations     | 1 |  1.1
Summonings     | |  1.1

Action                   |  1- 3 |  4- 6 || total
-------------------------+-------+-------++-------
Melee: Unarmed           |     6 |       ||     6
       Rapier            |     3 |       ||     3
 Cast: Magic Dart        |    98 |   103 ||   201
       Conjure Flame     |       |     2 ||     2
       Blink             |       |     1 ||     1
Invok: Renounce Religion |       |     1 ||     1
 Stab: Sleeping          |     2 |       ||     2
  Eat: Chunk             |     3 |     6 ||     9
Armor: Robe              |     4 |     4 ||     8
Dodge: Dodged            |    20 |    35 ||    55
       Rpst.: Falchion   |       |     4 ||     4
